 Dungeon Crawl Stone Soup version 0.18-a0-1542-g9c1a92e (webtiles) character file.

39 Oddball22 the Stinger (level 3, 0/24 HPs)
             Began as a Demonspawn Venom Mage on Mar 10, 2016.
             Slain by an adder (5 damage)
             ... on level 2 of the Dungeon.
             The game lasted 00:04:51 (1584 turns).

Oddball22 the Stinger (Demonspawn Venom Mage)       Turns: 1584, Time: 00:04:51

Health: 0/24       AC:  3    Str: 13    XL:     3   Next: 28%
Magic:  0/6        EV: 12    Int: 17    God:
Gold:   86         SH:  0    Dex: 13    Spells: 2 memorised, 3 levels left

rFire  . . .     SeeInvis .     (no weapon)
rCold  . . .     Gourm    .     a - +0 robe
rNeg   . . .     Faith    .     (no shield)
rPois  .         Spirit   .     (no helmet)
rElec  .         Dismiss  .     i - +0 cloak
rCorr  .         Reflect  .     (no gloves)
SustAt .         Harm     .     (no boots)
MR     .....                    (no amulet)
Stlth  +++.......               (no ring)
                                e - ring of wizardry

@: mighty, lethally poisoned (0 -> -10), not resistant to hostile enchantments,
fairly stealthy
A: talons 1, nightstalker 1
a: no special abilities


You were on level 2 of the Dungeon.
You were not hungry.

You visited 1 branch of the dungeon, and saw 2 of its levels.

You collected 86 gold pieces.

Inventory:

Hand Weapons
 o - a +2 dagger of draining
Armour
 a - a +0 robe (worn)
 i - a +0 cloak (worn)
Jewellery
 e - a ring of wizardry (left hand)
Scrolls
 f - a scroll of identify {unknown}
 h - a scroll of recharging {unknown}
 k - a scroll of random uselessness {unknown}
 p - a scroll of immolation {unknown}
 r - a scroll of fear {unknown}
Potions
 j - a potion of magic {unknown}
 l - a potion of haste {unknown}
 n - a potion of flight {unknown}
Books
 b - a Young Poisoner's Handbook

   Spells                             Type                      Level
   a - Sting                          Conjuration/Poison           1
   b - Cure Poison                    Poison                       2
   c - Mephitic Cloud                 Conjuration/Poison/Air       3
   d - Olgreb's Toxic Radiance        Poison                       4
   e - Venom Bolt                     Conjuration/Poison           5
Comestibles
 c - 2 bread rations
 d - 6 chunks of flesh
 m - a meat ration
 q - 3 fruits


   Skills:
 - Level 1.7 Dodging
 - Level 1.7 Stealth
 * Level 2.2 Spellcasting
 + Level 0.4 Conjurations
 + Level 4.9 Poison Magic


You had 3 spell levels left.
You knew the following spells:

 Your Spells              Type           Power        Failure   Level  Hunger
a - Sting                 Conj/Pois      ##..         4%          1    #......
b - Cure Poison           Pois           ###.......   1%          2    ###....


Dungeon Overview and Level Annotations

Branches:
Dungeon (2/15)

Altars:


Innate Abilities, Weirdness & Mutations

You have sharp toenails.
You are slightly more attuned to the shadows.


Message History

The adder poisons you!
You closely miss the adder. Your kick misses the adder.
The adder is heavily wounded.
You feel sick. The adder bites you.
* * * LOW HITPOINT WARNING * * *
You are lethally poisoned!
The adder poisons you!
You hit the adder.
The adder is severely wounded.
* * * LOW HITPOINT WARNING * * *
You feel sick. The adder bites you but does no damage.
Casting: Sting
Confirm with . or Enter, or press ? or * to list all spells.
Okay, then.
Drink which item? (? for menu, Esc to quit)
It was a potion of might.
You feel very mighty all of a sudden.
* * * LOW HITPOINT WARNING * * *
You feel sick. The adder bites you.
You die...

#.##.# #.##.# #.##.#
. #.##.# .. #†
#.##.# ...#. #.##.#
#...#.### #..><#
#.......# #..### #..
#.S@# #..# ..# ##..#
#..# ####.#
#..###?##..# ##
#....# #.....#....#
#.
#.##.####.####.###.#
#. #.##...........#
#.# #.
#.#######......# #.#
#. #.# #.####.# #.#
#. #.# #.# ##.###.#
#.


You could see an adder.

Vanquished Creatures
  2 dart slugs (D:1)
  A giant gecko (D:2)
  2 bats
  3 giant cockroaches
  3 goblins (D:1)
  5 hobgoblins
  5 jackals (D:2)
  A kobold (D:2)
  3 giant newts (D:2)
  5 rats
30 creatures vanquished.

Notes
Turn   | Place    | Note
--------------------------------------------------------------
     0 | D:1      | Oddball22 the Demonspawn Venom Mage began the quest for the Orb.
     0 | D:1      | Reached XP level 1. HP: 13/13 MP: 3/3
   554 | D:1      | Gained mutation: You are slightly more attuned to the shadows. [demonic ancestry]
   554 | D:1      | Reached XP level 2. HP: 19/19 MP: 3/5
  1137 | D:1      | Learned a level 2 spell: Cure Poison
  1344 | D:2      | Gained mutation: You have sharp toenails. [demonic ancestry]
  1344 | D:2      | Reached XP level 3. HP: 24/24 MP: 2/6
  1584 | D:2      | Slain by an adder

Vault maps used:
D:1:      mrwooster_arrival_statue_3
D:2:      nicolae_overflow_hidden_temple

Action                   || total
-------------------------++-------
Melee: Unarmed           ||    70
 Cast: Sting             ||    46
  Use: Potion            ||     1
 Stab: Sleeping          ||     5
  Eat: Chunk             ||     3
